 Dungeon Crawl Stone Soup version 0.29.1-1-gd02db69 (webtiles) character file.

Game seed: 3633071078595123732

154 Timinator the Insei (level 4, 0/52 HPs)
             Began as a Demigod Transmuter on Jan 18, 2023.
             Slain by a gnoll
             ... wielding a +0 halberd
              (11 damage)
             ... on level 4 of the Dungeon.
             The game lasted 00:08:10 (4183 turns).

Timinator the Insei (Demigod Transmuter)            Turns: 4183, Time: 00:08:11

Health: 0/52       AC:  4    Str: 11    XL:     4   Next: 88%
Magic:  10/11      EV: 12    Int: 15    God:
Gold:   129        SH:  0    Dex: 18    Spells: 7/8 levels left

rFire   . . .      SeeInvis .     - Unarmed
rCold   + . .      Faith    .   (no shield)
rNeg    . . .      Spirit   .   g - +0 leather armour
rPois   .          Reflect  .   (helmet currently unavailable)
rElec   .          Harm     .   e - +0 cloak
rCorr   .          Rampage  .   (no gloves)
Will    .....                   (boots currently unavailable)
Stlth   ..........              (no amulet)
HPRegen 0.17/turn               n - ring of flight
MPRegen 0.12/turn               i - ring of protection from cold

@: berserking, appendages (expiring), flying, very quick
A: horns 2, talons 2, high MP 1, forlorn, divine attributes
a: End Transformation


You were on level 4 of the Dungeon.
You had temporarily grown beastly horns and talons.
You visited 1 branch of the dungeon, and saw 4 of its levels.

You collected 129 gold pieces.

Inventory:

Armour
 e - a +0 cloak (worn)
 f - a +0 ring mail
 g - a +0 leather armour (worn)
Jewellery
 i - a ring of protection from cold (right hand)
 n - a ring of flight (left hand)
 q - a ring of magical power
Wands
 o - a wand of polymorph (9)
Scrolls
 a - a scroll of summoning {unknown}
 k - a scroll of teleportation {unknown}
 m - 2 scrolls of vulnerability {unknown}
 t - a scroll of magic mapping {unknown}
Potions
 b - 2 potions of lignification
 c - 2 potions of mutation
 h - a potion of brilliance {unknown}
 p - 2 potions of heal wounds
 s - a potion of magic


   Skills:
 + Level 1.5 Fighting
 + Level 1.2 Armour
 + Level 2.2 Dodging
 * Level 3.6 Unarmed Combat
 * Level 2.8 Spellcasting
 + Level 2.2 Transmutations


You had 7 spell levels left.
You knew the following spells:

 Your Spells              Type           Power      Damage    Failure   Level
a - Beastly Appendage     Tmut           16%        N/A       11%         1

Your spell library contained the following spells:

 Spells                   Type           Power      Damage    Failure   Level
 Wereblood                Tmut           8%         N/A       17%         2
 Magic Dart               Conj           8%         1d3       26%         1
 Call Imp                 Summ           2%         N/A       38%         2
 Spider Form              Tmut/Pois      5%         N/A       45%         3
 Mephitic Cloud           Conj/Pois/Air  2%         N/A       63%         3
 Ice Form                 Ice/Tmut       5%         N/A       86%         4


Dungeon Overview and Level Annotations

Branches:
Dungeon (4/15)
 Temple: D:4-7


Innate Abilities, Weirdness & Mutations

You have temporarily grown beastly horns and talons.
You have an increased reservoir of magic. (+10% MP)
You shall have no god before yourself.
Your divine heritage dramatically boosts your attributes as you level up.


Message History

Confirm with . or Enter, or press ? or * to list all spells.
You grow a pair of large bovine horns.
Your feet morph into talons.
The gnoll closely misses you.
Casting: Beastly Appendage (safe; 11% risk of failure)
Confirm with . or Enter, or press ? or * to list all spells.
You don't know that spell.
The gnoll hits you with a +0 spear.
The gnoll hits you from afar with a +0 spear.
You hit the gnoll. You claw the gnoll. Your headbutt misses the gnoll.
The gnoll is moderately wounded.
The gnoll barely misses you. x2
You hit the gnoll. You claw the gnoll.
You kill the gnoll!
The gnoll barely misses you.
The gnoll looks more healthy.
Your transformation is almost over.
The gnoll hits you with a +0 spear.
You barely miss the gnoll. The gnoll barely misses you.
The gnoll hits you with a +0 spear.
You hit the gnoll but do no damage. You claw the gnoll, but do no damage.
You hit the gnoll. You headbutt the gnoll.
The gnoll is heavily wounded.
The gnoll hits you from afar with a +0 halberd.
The gnoll hits you but does no damage.
You closely miss the gnoll. You punch the gnoll.
The gnoll is heavily wounded.
The gnoll hits you from afar with a +0 halberd!
The gnoll closely misses you.
You hit the gnoll but do no damage.
The gnoll is heavily wounded.
The gnoll barely misses you. The gnoll hits you with a +0 spear.
* * * LOW HITPOINT WARNING * * *
A red film seems to cover your vision as you go berserk!
You feel yourself moving faster!
You feel mighty! The gnoll barely misses you. The gnoll closely misses you.
You closely miss the gnoll. Your kick misses the gnoll.
Your headbutt misses the gnoll.
The gnoll is heavily wounded.
The gnoll hits you from afar with a +0 halberd!
You die...

#.##########.#####.#.#
#
#...............##.#.#
#########.#####.##.#.#
#.# #.##.#.# #.#
#....#.# ### #.#
#.####.# # ...
#.#####.# #.# # #..
##.######.......# #.#
# #.#
#...ggg@.....#### #.#
# #.# ##.###########
#.# # #.# #.# # #.#
#.# # #!# #.# # ##.##
##############.###
###.#.##
#.................
...###.#
#.#####.#########.
.##.#.## #.# #.# #.


You could see 3 gnolls.

Vanquished Creatures
  A necrophage (D:4)
  A gnoll (D:4)
  3 adders
  A worm (D:2)
  A dart slug (D:1)
  6 endoplasms
  4 giant cockroaches
  4 goblins
  5 hobgoblins
  A jackal (D:1)
  5 kobolds
  2 quokkas
  6 ball pythons
  9 bats
  3 frilled lizards
  3 rats
55 creatures vanquished.

Notes
Turn   | Place    | Note
-------+----------+-------------------------------------------
     0 | D:1      | Timinator the Demigod Transmuter began the quest for the
                  | Orb.
     0 | D:1      | Reached XP level 1. HP: 15/15 MP: 5/5
    43 | D:1      | Reached skill level 1 in Fighting
   552 | D:1      | Reached XP level 2. HP: 23/23 MP: 5/7
  1419 | D:2      | Reached skill level 3 in Unarmed Combat
  1580 | D:2      | Reached XP level 3. HP: 12/28 MP: 7/9
  3457 | D:3      | Reached XP level 4. HP: 34/35 MP: 8/10
  3576 | D:3      | Reached skill level 1 in Armour
  3715 | D:3      | Identified the +2 dagger "Ynaate" {elec, Fragile rC++ rN+
                  | Stlth+}
  4067 | D:4      | Noticed a necrophage
  4074 | D:4      | Killed a necrophage
  4183 | D:4      | Slain by a gnoll

Illustrated notes

Levels and vault maps discovered:
D:1:      dpeg_arrival_brainrot, layout_basic
D:2:      layout_basic, dilly_ecumenical_altar_fadedgnrine,
          grunt_decor_one_mirror
D:3:      layout_loops_ring, ashenzari_altar_1, elyvilon_altar_1
D:4:      layout_loops_ring, makhleb_heckhound_becter, minmay_ogre_servants

Skill      XL: |  1  2  3  4 |
---------------+-------------+-----
Fighting       | 1 |  1.5
Spellcasting   | 2 |  2.8
Unarmed Combat | 3 |  3.6
Dodging        | 2 |  2.2
Transmutations | 2 |  2.2
Armour         | 1 |  1.2

Action                   |  1- 3 |  4- 6 || total
-------------------------+-------+-------++-------
Melee: Unarmed           |   146 |    33 ||   179
       Kick              |    25 |     7 ||    32
       Headbutt          |    15 |     6 ||    21
       Punch             |       |     1 ||     1
Throw: Dart              |       |     5 ||     5
 Cast: Beastly Appendage |    29 |     6 ||    35
  Use: Scroll            |       |     7 ||     7
       Potion            |       |     1 ||     1
 Stab: Sleeping          |     1 |     1 ||     2
Armor: Robe              |     4 |       ||     4
       Leather armour    |    52 |     5 ||    57
Dodge: Dodged            |   102 |    24 ||   126
